SAAA
TORTOLITA DRUMMERS @ PHOENIX HOTSPUR RESERVES
09/03/2027
 
TOP OF THE 1ST
Tortolita Drummers batting - Pitching for Phoenix Hotspur Reserves : RHP Prince Nakamura
Pitching: RHP Prince Nakamura
Batting: RHB Eddie O'Bryan 0-0: Ground out 1-3 (Groundball, P)
Batting: RHB Sean Godron 0-0: Foul Ball, location: 2F
0-1: Ball
1-1: Ball
2-1: Ball
3-1: Fly out, F8 (Flyball, 8RM)
Batting: RHB Enrique Marroquín 0-0: Called Strike
0-1: Foul Ball, location: 2F
0-2: Foul Ball, location: 2F
0-2: Ball
1-2: Foul Ball, location: 2F
1-2: Ball
2-2: Ball
3-2: Ground out 3-1 (Groundball, 34S)
Top of the 1st over - 0 run(s), 0 hit(s), 0 error(s), 0 left on base; Tortolita 0 - Phoenix 0
BOTTOM OF THE 1ST
Phoenix Hotspur Reserves batting - Pitching for Tortolita Drummers : LHP Jim Unknown
Pitching: LHP Jim Unknown
Batting: RHB Wilson Castillo 0-0: Ball
1-0: Called Strike
1-1: Foul Ball, location: 2F
1-2: Ground out 4-3 (Groundball, 4)
Batting: RHB Jesús Álvarez 0-0: Called Strike
0-1: SINGLE (Groundball, 56) (infield hit)
Batting: RHB Jesús Mejía 0-0: Ball
Pickoff Throw by Catcher to First - Error! E2
Jesús Álvarez to second
1-0: Ball
2-0: Ball
3-0: Base on Balls
Batting: RHB Martín Martínez 0-0: SINGLE (Groundball, 56D)
Jesús Álvarez to third
Jesús Mejía to second
Runner from 3rd tries for Home, SAFE, throw made home
Jesús Mejía to third
Martín Martínez to second
Batting: RHB Júlio Mateo 0-0: Ball
1-0: Ball
2-0: Called Strike
2-1: Ball
3-1: Fly out, F8 (Flyball, 8RS)
Batting: SHB Jesús González 0-0: Called Strike
0-1: Ball
1-1: Ball
2-1: SINGLE (Flyball, 9LS)
Jesús Mejía scores
Martín Martínez to third
Runner from 3rd tries for Home, SAFE, no throw
Batting: RHB Pepe Reyes 0-0: Called Strike
0-1: Ball
1-1: Foul Ball, location: 2F
1-2: Foul Ball, location: 2F
1-2: Ball
2-2: Fly out, F7 (Flyball, 7)
Bottom of the 1st over - 3 run(s), 3 hit(s), 1 error(s), 1 left on base; Tortolita 0 - Phoenix 3
TOP OF THE 2ND
Tortolita Drummers batting - Pitching for Phoenix Hotspur Reserves : RHP Prince Nakamura
Batting: RHB Jesús Cisneros 0-0: Ball
1-0: Ground out 1-3 (Groundball, 15S)
Batting: RHB Nathan Horton 0-0: Fly out, F8 (Flyball, 8LS)
Batting: LHB Carl Gore 0-0: Called Strike
0-1: Ball
1-1: SINGLE (Flyball, 7S)
Batting: RHB Gilberto Juárez 0-0: Fly out, F9 (Flyball, 89M)
Top of the 2nd over - 0 run(s), 1 hit(s), 0 error(s), 1 left on base; Tortolita 0 - Phoenix 3
BOTTOM OF THE 2ND
Phoenix Hotspur Reserves batting - Pitching for Tortolita Drummers : LHP Jim Unknown
Batting: RHB Javier González 0-0: Ball
1-0: Foul Ball, location: 2F
1-1: Fly out, F9 (Flyball, 9LSF)
Batting: RHB Bob Curry 0-0: Swinging Strike
0-1: Ball
1-1: Ball
2-1: SINGLE (Flyball, 8LS)
Batting: RHB Wilson Castillo 0-0: Ball
1-0: Swinging Strike
1-1: Ball
2-1: Ball
3-1: Foul Ball, location: 2F
3-2: Strikes out swinging
Batting: RHB Jesús Álvarez 0-0: Called Strike
0-1: Foul Ball, location: 2F
0-2: Ball
1-2: Fly out, F3 (Popup, 3)
Bottom of the 2nd over - 0 run(s), 1 hit(s), 0 error(s), 1 left on base; Tortolita 0 - Phoenix 3
TOP OF THE 3RD
Tortolita Drummers batting - Pitching for Phoenix Hotspur Reserves : RHP Prince Nakamura
Batting: RHB Vincent Klein 0-0: SINGLE (Groundball, 6MD)
Batting: RHB Miguel Canales 0-0: Ball
1-0: Foul Ball, location: 2F
1-1: Fly out, F6 (Line Drive, 6M)
Batting: RHB Eddie O'Bryan 0-0: Ball
1-0: Called Strike
1-1: Ball
Passed Ball!
Vincent Klein to second
2-1: Foul Ball, location: 2F
2-2: Foul Ball, location: 2F
2-2: SINGLE (Groundball, 6MD)
Vincent Klein to third
Batting: RHB Sean Godron 0-0: Foul Ball, location: 2F
0-1: Ball
1-1: Grounds into double play, 5-4-3 (Groundball, 56)
Top of the 3rd over - 0 run(s), 2 hit(s), 0 error(s), 1 left on base; Tortolita 0 - Phoenix 3
BOTTOM OF THE 3RD
Phoenix Hotspur Reserves batting - Pitching for Tortolita Drummers : LHP Jim Unknown
Batting: RHB Jesús Mejía 0-0: Called Strike
0-1: Foul Ball, location: 2F
0-2: Ball
1-2: Ball
2-2: Foul Ball, location: 2F
2-2: Strikes out looking
Batting: RHB Martín Martínez 0-0: Ball
1-0: Foul Ball, location: 2F
1-1: Called Strike
1-2: Ball
2-2: Strikes out swinging
Batting: RHB Júlio Mateo 0-0: Ball
1-0: Foul Ball, location: 2F
1-1: Ball
2-1: Fly out, F8 (Flyball, 8RS)
Bottom of the 3rd over - 0 run(s), 0 hit(s), 0 error(s), 0 left on base; Tortolita 0 - Phoenix 3
TOP OF THE 4TH
Tortolita Drummers batting - Pitching for Phoenix Hotspur Reserves : RHP Prince Nakamura
Batting: RHB Enrique Marroquín 0-0: Foul Ball, location: 2F
0-1: Ball
1-1: Ball
2-1: Foul Ball, location: 2F
2-2: SINGLE (Flyball, 8LS)
Batting: RHB Jesús Cisneros 0-0: Ball
Enrique Marroquín steals 2nd base
1-0: Called Strike
1-1: Called Strike
1-2: Ball
2-2: Ball
3-2: Fly out, F8 (Flyball, 8RM)
Batting: RHB Nathan Horton 0-0: Ground out 5-3 (Groundball, 5S)
Enrique Marroquín to third
Batting: LHB Carl Gore 0-0: SINGLE (Flyball, 7LM)
Enrique Marroquín scores
Batting: RHB Gilberto Juárez 0-0: Called Strike
0-1: Ball
1-1: Fly out, F9 (Flyball, 9LS)
Top of the 4th over - 1 run(s), 2 hit(s), 0 error(s), 1 left on base; Tortolita 1 - Phoenix 3
BOTTOM OF THE 4TH
Phoenix Hotspur Reserves batting - Pitching for Tortolita Drummers : LHP Jim Unknown
Batting: SHB Jesús González 0-0: Called Strike
0-1: Ball
1-1: Foul Ball, location: 2F
1-2: Foul Ball, location: 2F
1-2: Ball
2-2: Foul Ball, location: 2F
2-2: Strikes out looking
Batting: RHB Pepe Reyes 0-0: Foul Ball, location: 2F
0-1: Foul Ball, location: 2F
0-2: Ball
1-2: Ball
2-2: Foul Ball, location: 2F
2-2: Ball
3-2: Base on Balls
Batting: RHB Javier González 0-0: Ball
1-0: Called Strike
1-1: Called Strike
1-2: Ball
2-2: Grounds into double play, 6-4-3 (Groundball, 6)
Bottom of the 4th over - 0 run(s), 0 hit(s), 0 error(s), 0 left on base; Tortolita 1 - Phoenix 3
TOP OF THE 5TH
Tortolita Drummers batting - Pitching for Phoenix Hotspur Reserves : RHP Prince Nakamura
Batting: RHB Vincent Klein 0-0: Ball
1-0: Called Strike
1-1: Foul Ball, location: 2F
1-2: Ball
2-2: Ball
3-2: Strikes out looking
Batting: RHB Miguel Canales 0-0: Ball
1-0: Ball
2-0: Called Strike
2-1: Ball
3-1: Base on Balls
Batting: RHB Eddie O'Bryan 0-0: Ball
1-0: Fly out, F8 (Flyball, 8LM)
Batting: RHB Sean Godron 0-0: Ball
1-0: Foul Ball, location: 2F
1-1: Ball
2-1: Fielders Choice at 2nd, 6-4 (Groundball, 56)
Top of the 5th over - 0 run(s), 0 hit(s), 0 error(s), 0 left on base; Tortolita 1 - Phoenix 3
BOTTOM OF THE 5TH
Phoenix Hotspur Reserves batting - Pitching for Tortolita Drummers : LHP Jim Unknown
Batting: RHB Bob Curry 0-0: Foul Ball, location: 2F
0-1: Swinging Strike
0-2: Strikes out looking and he ARGUES THE CALL AND IS TOSSED!
Batting: RHB Wilson Castillo 0-0: Hit by Pitch
Batting: RHB Jesús Álvarez 0-0: Ball
1-0: Foul Ball, location: 2F
1-1: SINGLE (Line Drive, 8RS)
Wilson Castillo to second
Batting: RHB Jesús Mejía 0-0: Called Strike
0-1: Ball
1-1: Ball
2-1: Ball
3-1: Base on Balls
Wilson Castillo to third
Jesús Álvarez to second
Batting: RHB Martín Martínez 0-0: Foul Ball, location: 2F
0-1: Ball
1-1: Called Strike
1-2: Ball
2-2: Ball
3-2: Foul Ball, location: 2F
3-2: Grounds into double play, 5-4-3 (Groundball, 56)
Bottom of the 5th over - 0 run(s), 1 hit(s), 0 error(s), 2 left on base; Tortolita 1 - Phoenix 3
TOP OF THE 6TH
Tortolita Drummers batting - Pitching for Phoenix Hotspur Reserves : RHP Prince Nakamura
Now at SS: Clark Espinosa
Batting: RHB Enrique Marroquín 0-0: Ball
1-0: SINGLE (Line Drive, 9LM)
Batting: RHB Jesús Cisneros 0-0: Ball
Enrique Marroquín is caught stealing 2nd base
1-0: Ball
2-0: Called Strike
2-1: Ground out 4-3 (Groundball, 4)
Batting: RHB Nathan Horton 0-0: Ball
1-0: Ball
2-0: Fly out, F5 (Line Drive, 56)
Top of the 6th over - 0 run(s), 1 hit(s), 0 error(s), 0 left on base; Tortolita 1 - Phoenix 3
BOTTOM OF THE 6TH
Phoenix Hotspur Reserves batting - Pitching for Tortolita Drummers : LHP Jim Unknown
Batting: RHB Júlio Mateo 0-0: Called Strike
0-1: Ball
1-1: Ball
2-1: Foul Ball, location: 2F
2-2: Foul Ball, location: 2F
2-2: Ball
3-2: Base on Balls
Batting: SHB Jesús González 0-0: Bunted foul
0-1: Sac Bunt - play at second, runner OUT! 1-6
Batting: RHB Pepe Reyes 0-0: Foul Ball, location: 2F
0-1: Ball
1-1: Ball
2-1: Ground out 5-3 (Groundball, 56S)
Jesús González to second
Batting: RHB Javier González 0-0: Ground out 6-3 (Groundball, 6)
Bottom of the 6th over - 0 run(s), 0 hit(s), 0 error(s), 1 left on base; Tortolita 1 - Phoenix 3
TOP OF THE 7TH
Tortolita Drummers batting - Pitching for Phoenix Hotspur Reserves : RHP Prince Nakamura
Batting: LHB Carl Gore 0-0: Called Strike
0-1: Ball
1-1: Ground out 1-3 (Groundball, P)
Batting: RHB Gilberto Juárez 0-0: Ball
1-0: Ball
2-0: Called Strike
2-1: DOUBLE (Flyball, 78D)
Batting: RHB Vincent Klein 0-0: Called Strike
0-1: Ball
1-1: Ball
2-1: Fly out, F7 (Flyball, 78S)
Batting: RHB Miguel Canales 0-0: Called Strike
0-1: Swinging Strike
0-2: Ball
1-2: Foul Ball, location: 2F
1-2: Ball
2-2: SINGLE (Groundball, 34D)
Gilberto Juárez to third
Runner from 3rd tries for Home, SAFE, no throw
Batting: RHB Eddie O'Bryan 0-0: Called Strike
Miguel Canales steals 2nd base
0-1: Swinging Strike
0-2: Strikes out swinging
Top of the 7th over - 1 run(s), 2 hit(s), 0 error(s), 1 left on base; Tortolita 2 - Phoenix 3
BOTTOM OF THE 7TH
Phoenix Hotspur Reserves batting - Pitching for Tortolita Drummers : LHP Jim Unknown
Batting: LHB Clark Espinosa 0-0: Ball
1-0: Foul Ball, location: 2F
1-1: Ball
2-1: Ball
3-1: Base on Balls
Pitching: RHP Luis Cardona
Batting: RHB Wilson Castillo 0-0: Ball
1-0: Sac Bunt - play at first, batter OUT! 2-4
Clark Espinosa to second
Pinch Hitting: SHB Roberto López 0-0: Called Strike
0-1: Foul Ball, location: 2F
0-2: Ball
1-2: Fly out, F7 (Flyball, 7LM)
Batting: RHB Jesús Mejía 0-0: Swinging Strike
0-1: Ball
1-1: Ball
2-1: Ball
3-1: Foul Ball, location: 2F
3-2: Foul Ball, location: 2F
3-2: Base on Balls
Batting: RHB Martín Martínez 0-0: Called Strike
0-1: Ball
1-1: Swinging Strike
1-2: DOUBLE (Flyball, 8RXD)
Clark Espinosa scores
Jesús Mejía to third
Runner from 3rd tries for Home, SAFE, throw made at trailing runner, SAFE at third!
Batting: RHB Júlio Mateo 0-0: Ball
1-0: Ball
2-0: Called Strike
2-1: Fly out, F8 (Line Drive, 8LD)
Bottom of the 7th over - 2 run(s), 1 hit(s), 0 error(s), 1 left on base; Tortolita 2 - Phoenix 5
TOP OF THE 8TH
Tortolita Drummers batting - Pitching for Phoenix Hotspur Reserves : RHP Prince Nakamura
Pitching: RHP Jim Unknown
Now at 2B: Roberto López
Batting: RHB Sean Godron 0-0: Ball
1-0: Swinging Strike
1-1: Ball
2-1: Ball
3-1: Base on Balls
Batting: RHB Enrique Marroquín 0-0: Ball
1-0: Foul Ball, location: 2F
1-1: Ball
2-1: Called Strike
2-2: Strikes out swinging
Batting: RHB Jesús Cisneros 0-0: Ball
1-0: Called Strike
1-1: DOUBLE (Line Drive, 5D)
Sean Godron to third
Batting: RHB Nathan Horton 0-0: Called Strike
0-1: Called Strike
0-2: TRIPLE (Flyball, 8LD)
Sean Godron scores
Jesús Cisneros scores
Batting: LHB Carl Gore 0-0: Swinging Strike
0-1: Swinging Strike
0-2: Foul Ball, location: 2F
0-2: Foul Ball, location: 2F
0-2: Fly out, F7 (Flyball, 7)
Runner from 3rd tags up, SCORES, throw made
Batting: RHB Gilberto Juárez 0-0: Called Strike
0-1: Ground out 6-3 (Groundball, 6)
Top of the 8th over - 3 run(s), 2 hit(s), 0 error(s), 0 left on base; Tortolita 5 - Phoenix 5
BOTTOM OF THE 8TH
Phoenix Hotspur Reserves batting - Pitching for Tortolita Drummers : RHP Luis Cardona
Batting: SHB Jesús González 0-0: Foul Ball, location: 2F
0-1: Called Strike
0-2: Foul Ball, location: 2F
0-2: Foul Ball, location: 2F
0-2: Strikes out looking
Pinch Hitting: RHB Satoshi Terada 0-0: Ball
1-0: Ball
2-0: DOUBLE (Flyball, 78D)
Batting: RHB Javier González 0-0: Ball
1-0: SINGLE (Line Drive, 6D)
Satoshi Terada to third
Runner from 3rd tries for Home, SAFE, throw made home
Javier González to second
Pinch Hitting: LHB Mitchell Hansen 0-0: Intentional Walk
Pinch Hitting: RHB Marc Meertens 0-0: Ball
1-0: SINGLE (Line Drive, 34D)
Javier González to third
Mitchell Hansen to second
Batting: SHB Roberto López 0-0: Ball
1-0: Ball
2-0: Ball
3-0: Called Strike
3-1: Foul Ball, location: 2F
3-2: Strikes out swinging
Batting: RHB Jesús Mejía 0-0: Called Strike
0-1: Ball
1-1: Fielders Choice at 2nd, 5-4 (Groundball, 5L)
Bottom of the 8th over - 1 run(s), 3 hit(s), 0 error(s), 2 left on base; Tortolita 5 - Phoenix 6
TOP OF THE 9TH
Tortolita Drummers batting - Pitching for Phoenix Hotspur Reserves : RHP Jim Unknown
Pitching: LHP Ricardo Sánchez
Now at C: Germán Alfaro
Now at 1B: Satoshi Terada
Now at 2B: Marc Meertens
Now in CF: Billy Strauss
Batting: RHB Vincent Klein 0-0: Ball
1-0: Ball
2-0: Ground out 5-3 (Groundball, 5)
Pinch Hitting: RHB Vernon Caw 0-0: Ball
1-0: Ball
2-0: Ball
3-0: Called Strike
3-1: Base on Balls
Pinch Runner at 1st Ricardo Pacheco:
Batting: RHB Eddie O'Bryan 0-0: Ball
1-0: Ground out 5-3 (Groundball, 56S)
Ricardo Pacheco to second
Pinch Hitting: RHB Joey Morgan 0-0: Ball
1-0: Called Strike
1-1: Called Strike
1-2: Ball
2-2: DOUBLE (Line Drive, 8LXD)
Ricardo Pacheco scores
Batting: RHB Enrique Marroquín 0-0: Ball
1-0: Fly out, F8 (Flyball, 89S)
Top of the 9th over - 1 run(s), 1 hit(s), 0 error(s), 1 left on base; Tortolita 6 - Phoenix 6
BOTTOM OF THE 9TH
Phoenix Hotspur Reserves batting - Pitching for Tortolita Drummers : RHP Luis Cardona
Pitching: RHP Mike Desmond
Now at SS: Jim Lee
Now in LF: Joey Morgan
Batting: RHB Martín Martínez 0-0: Called Strike
0-1: Foul Ball, location: 2F
0-2: Ball
1-2: Ball
2-2: Ball
3-2: Base on Balls
Batting: RHB Germán Alfaro 0-0: Fly out, F9 (Flyball, 89M)
Batting: SHB Jesús González 0-0: Ball
1-0: Foul Ball, location: 2F
1-1: Ball
2-1: Ball
3-1: Foul Ball, location: 2F
3-2: Foul Ball, location: 2F
3-2: Base on Balls
Martín Martínez to second
Batting: RHB Satoshi Terada 0-0: Ball
1-0: Ball
2-0: Called Strike
2-1: Swinging Strike
2-2: Foul Ball, location: 2F
2-2: Strikes out looking
Batting: RHB Javier González 0-0: Foul Ball, location: 2F
0-1: Ball
1-1: Foul Ball, location: 2F
1-2: Ball
2-2: Strikes out swinging
Bottom of the 9th over - 0 run(s), 0 hit(s), 0 error(s), 2 left on base; Tortolita 6 - Phoenix 6
TOP OF THE 10TH
Tortolita Drummers batting - Pitching for Phoenix Hotspur Reserves : LHP Ricardo Sánchez
Pinch Hitting: RHB Blair Sweeny 0-0: Ball
1-0: Ball
2-0: Ball
3-0: Called Strike
3-1: Base on Balls
Batting: RHB Nathan Horton 0-0: Called Strike
0-1: Foul Ball, location: 2F
0-2: Ball
1-2: Foul Ball, location: 2F
1-2: Ball
2-2: Foul Ball, location: 2F
2-2: SINGLE (Groundball, 4D)
Blair Sweeny to second
Runner from 2nd tries for 3rd, SAFE, no throw
Batting: LHB Carl Gore 0-0: Called Strike
0-1: Swinging Strike
0-2: Foul Ball, location: 2F
0-2: Ball
1-2: Ball
2-2: Strikes out swinging
Batting: RHB Gilberto Juárez 0-0: Called Strike
0-1: Swinging Strike
0-2: Foul Ball, location: 2F
0-2: Fly out, F8 (Flyball, 78S)
Runner from 3rd tags up, SCORES, no throw
Batting: RHB Vincent Klein 0-0: Ball
1-0: Called Strike
1-1: DOUBLE (Line Drive, 9LS)
Nathan Horton to third
Runner from 3rd tries for Home, SAFE, no throw
Pitching: RHP Dennis Dunn
Batting: RHB Jim Lee 0-0: Called Strike
0-1: Ball
1-1: Called Strike
1-2: Reached on error, E5 (Groundball, 56)
Vincent Klein scores
Batting: RHB Eddie O'Bryan 0-0: Ground out 6-3 (Groundball, 6)
Top of the 10th over - 3 run(s), 2 hit(s), 1 error(s), 1 left on base; Tortolita 9 - Phoenix 6
BOTTOM OF THE 10TH
Phoenix Hotspur Reserves batting - Pitching for Tortolita Drummers : RHP Mike Desmond
Pitching: RHP Pedro Figueroa
Now in CF: Will Brock
Batting: RHB Billy Strauss 0-0: Ball
1-0: Ball
2-0: Ball
3-0: Foul Ball, location: 2F
3-1: SINGLE (Line Drive, 8LS)
Batting: RHB Marc Meertens 0-0: Ball
1-0: Fly out, F9 (Flyball, 9LS)
Batting: SHB Roberto López 0-0: Ball
1-0: Called Strike
1-1: Ball
2-1: Fly out, F3 (Line Drive, 3)
Batting: RHB Jesús Mejía 0-0: Ball
1-0: Ball
2-0: Called Strike
2-1: Ground out 5-3 (Groundball, 56)
Bottom of the 10th over - 0 run(s), 1 hit(s), 0 error(s), 1 left on base; Tortolita 9 - Phoenix 6
Saturday, May 26th, 2018 - OOTP Baseball 17.12 Build 75